 Dungeon Crawl Stone Soup version 0.28-a0-793-g31680bbd8b (webtiles) character file.

Game seed: 13400736092292914139

32 sanka the Chopper (level 3, -3/31 HPs)
             Began as a Palentonga Abyssal Knight on Nov 4, 2021.
             Was a Follower of Lugonu.
             Slain by a gnoll (13 damage)
             ... on level 3 of the Dungeon.
             The game lasted 00:02:44 (2017 turns).

sanka the Chopper (Palentonga Abyssal Knight)       Turns: 2017, Time: 00:02:45

Health: -3/31      AC:  5    Str: 17    XL:     3   Next: 10%
Magic:  3/3        EV:  9    Int: 10    God:    Lugonu [*.....]
Gold:   118        SH:  0    Dex: 10    Spells: 2/2 levels left

rFire   . . .      SeeInvis +   a - +1 hand axe (vorpal)
rCold   . . .      Faith    .   (no shield)
rNeg    . . .      Spirit   .   b - +0 leather armour
rPois   .          Reflect  .   (no helmet)
rElec   .          Harm     .   l - +0 cloak
rCorr   .          Rampage  .   (no gloves)
Will    .....      Rage     3%  (no barding)
Stlth   +.........              (no amulet)
HPRegen 0.00/turn               (no ring)
MPRegen 0.08/turn               (no ring)

@: inhibited regen
A: large, rugged brown scales 3, see invisible, deformed body, roll 1, armoured
tail, [berserk 2], [low mp 2], [screaming 2], [inhibited regeneration]
a: Rolling Charge, Renounce Religion, Depart the Abyss


You were on level 3 of the Dungeon.
You worshipped Lugonu.
Lugonu was aware of your devotion.
You visited 1 branch of the dungeon, and saw 3 of its levels.
You visited the Abyss 1 time.

You collected 118 gold pieces.


Innate Abilities, Weirdness & Mutations

You are completely covered in rugged brown scales. (AC +3, +7% HP)
You have supernaturally acute eyesight. (SInv)
Armour fits poorly on your strangely shaped body.
You can roll at nearby foes to attack.
You have a long armoured tail.
[You often lose your temper in combat.]
[Your magical capacity is very low. (-20% MP)]
[You frequently scream uncontrollably at your foes.]
[You do not regenerate when monsters are visible.]


   Skills:
 - Level 3.0 Fighting
 + Level 3.6 Axes
 - Level 1.5 Armour
 - Level 0.7 Dodging
 - Level 2.0 Invocations


You had 2 spell levels left.
You didn't know any spells.
Your spell library was empty.

Inventory:

Hand Weapons
 a - a +1 vorpal hand axe (weapon)
Armour
 b - a +0 leather armour (worn)
 l - a +0 cloak (worn)
Scrolls
 c - a scroll of identify {unknown}
 f - a scroll of silence {unknown}
 g - a scroll of brand weapon
 j - a scroll of summoning {unknown}
 k - a scroll of blinking {unknown}
Potions
 d - a potion of lignification {unknown}
 e - a potion of resistance {unknown}
 h - 3 potions of curing {unknown}
 i - a potion of cancellation {unknown}

Dungeon Overview and Level Annotations

Branches:
Dungeon (3/15)

Altars:

▒....▒ ▒...|▒
▒....▒▒▒▒▒▒▒
▒..........▒
▒▒▒........▒
▒........▒
▒...).?..▒
▒.▒▒▒........▒
▒....gH......▒
▒▒▒▒.g.......▒
▒.g▒▒▒......
.... .▒▒▒▒▒.
▒▒▒▒▒ .▒ .▒


You could see 3 gnolls.


Message History

You hit the goblin.
You kill the goblin!
Lugonu accepts your kill.
No target in view!
Unknown command.
No target in view!
A gnoll comes into view. It is wielding a +0 halberd.
You scream at the gnoll!
You roll forward with a clatter of scales!
You hit the gnoll but do no damage. The gnoll hits you with a +0 halberd!
* * * LOW HITPOINT WARNING * * *
You barely miss the gnoll.
You tail-slap the gnoll, but do no damage.
The gnoll hits you but does no damage.
You closely miss the gnoll.
A gnoll comes into view. It is wielding a +0 club.
You scream at the gnoll!
The gnoll barely misses you.
You closely miss the gnoll. The gnoll barely misses you.
Unknown command.
You hit the gnoll but do no damage.
Your tail-slap misses the gnoll.
You hit the gnoll but do no damage. The gnoll hits you with a +0 club.
* * * LOW HITPOINT WARNING * * *
A gnoll comes into view. It is wielding a +0 whip.
The gnoll hits you with a +0 halberd!
You die...

Action                   || total
-------------------------++-------
Melee: Hand axe          ||    84
       Tailslap          ||     6
Invok: Depart the Abyss  ||     1
 Abil: Rolling Charge    ||     1
  Use: Scroll            ||     1
Armor: Leather armour    ||    40
Dodge: Dodged            ||    39

Levels and vault maps discovered:
D:1:      nzn_arrival_water_spiral, layout_basic,
          shapermc_ecumenical_altar_mp_ritualfount
D:2:      minmay_evil_eye, layout_basic, bh_walls_and_bars
D:3:      layout_basic, minmay_divided_ellipse

Notes
Turn   | Place    | Note
-------+----------+-------------------------------------------
     0 | Abyss:1  | sanka the Palentonga Abyssal Knight began the quest for the
                  | Orb.
     0 | Abyss:1  | Reached XP level 1. HP: 19/19 MP: 2/2
    84 | Abyss:1  | Noticed an ettin skeleton
   107 | Abyss:1  | Noticed a wretched star
   119 | Abyss:1  | Noticed a small abomination
   120 | Abyss:1  | Noticed a quasit
   122 | D:1      | Escaped the Abyss
   268 | D:1      | Reached * piety under Lugonu
   455 | D:1      | Reached XP level 2. HP: 22/25 MP: 2/2
   506 | D:1      | Found a faded altar of an unknown god.
   822 | D:1      | Reached skill level 3 in Axes
  1684 | D:2      | Reached XP level 3. HP: 31/31 MP: 3/3
  2017 | D:3      | Slain by a gnoll

Vanquished Creatures
  An orc (D:2)
  An endoplasm (D:1)
  A giant cockroach (D:1)
  2 hobgoblins (D:1)
  4 jackals (D:2)
  3 kobolds
  2 quokkas (D:1)
  4 ball pythons
  2 bats
  2 frilled lizards (D:2)
  3 goblins
  4 rats
29 creatures vanquished.

Vanquished Creatures (others)
  A fungus (D:1)
  6 plants (D:1)
7 creatures vanquished.

Grand Total: 36 creatures vanquished
